Map: [ESL] Oceanborn

Players

Lambo - Winner!

  • Race: Zerg Zerg
  • Spawn Location: 5:00

Harstem

  • Race: Protoss Protoss
  • Spawn Location: 11:00

Event: ESL SC2 Masters 2023 Winter (Regional)

VOD

Have the link to the VOD?

Description

Time

  • Played on: Oct. 28, 2023, 11:26 a.m.
  • Length: 10:19

All games in this series

Show
View Real Time Build Order
Export as new Build Order

Lambo Zerg - Winner!

Build Orders: Hatch First 

Get SALT Encoding   

  12  0:00  Drone  
  13  0:12  Overlord  
  13  0:20  Drone  
  14  0:30  Drone x2  
  16  0:48  Hatchery  
  15  0:50  Drone  
  15  0:54  Drone  
  17  0:57  Drone  
  18  1:08  Extractor  
  17  1:13  Spawning Pool  
  17  1:17  Drone  
  17  1:19  Drone  
  18  1:27  Drone  
  19  1:39  Drone  
  20  1:51  Overlord  
  20  1:59  Queen  
  20  2:01  Queen  
  22  2:03  Zergling x2, Drone  
  26  2:10  Metabolic Boost  
  26  2:11  Zergling x2  
  26  2:12  Drone  
  28  2:21  Drone  
  28  2:22  Drone  
  30  2:33  Drone x2  
  32  2:43  Hatchery  
  31  2:44  Queen  
  31  2:50  Overlord  
  33  2:51  Drone  
  33  2:54  Drone  
  35  2:59  Zergling x2  
  36  3:05  Overlord  
  36  3:08  Queen  
  36  3:11  Drone x2  
  36  3:12  Drone  
  41  3:14  Drone  
  41  3:16  Drone  
  41  3:19  Drone  
  44  3:24  Drone x2  
  44  3:25  Drone  
  47  3:29  Drone  
  47  3:31  Queen  
  50  3:36  Overlord  
  50  3:45  Spore Crawler, Queen  
  50  3:46  Drone  
  52  3:49  Overlord  
  52  3:54  Overlord  
  52  3:55  Drone x3  
  52  3:58  Drone  
  52  4:00  Drone  
  52  4:01  Evolution Chamber  
  56  4:04  Drone x2  
  56  4:08  Spore Crawler  
  57  4:10  Zergling x2  
  57  4:13  Drone x2  
  60  4:17  Drone x2  
  60  4:22  Spore Crawler  
  60  4:26  Drone x5  
  60  4:30  Overlord  
  65  4:34  Zerg Melee Weapons Level 1  
  65  4:35  Drone x2  
  65  4:37  Drone  
  65  4:38  Drone  
  69  4:41  Baneling Nest  
  69  4:42  Zergling x2  
  69  4:44  Zergling x4  
  71  4:47  Extractor  
  71  4:48  Drone x2  
  71  4:50  Zergling x2  
  73  4:54  Zergling x2  
  74  5:00  Drone x4  
  74  5:05  Drone x5  
  83  5:13  Extractor, Drone x3  
  85  5:16  Extractor  
  85  5:17  Overlord, Hatchery  
  85  5:19  Overlord  
  85  5:22  Lair  
  85  5:24  Overlord  
  85  5:26  Overlord  
  85  5:27  Overlord  
  83  5:32  Overlord x3  
  83  5:34  Overlord  
  83  5:37  Overlord  
  83  5:40  Zergling x6  
  82  5:43  Queen  
  82  5:44  Zergling x2  
  82  5:46  Zergling x4  
  85  5:50  Zergling x8  
  88  5:58  Zergling x2  
  88  6:01  Zergling x6  
  91  6:05  Baneling x2  
  91  6:06  Zergling x4, Baneling x3  
  91  6:09  Zergling x2  
  91  6:10  Zergling x4  
  96  6:12  Zergling x4, Hatchery  
  96  6:14  Zergling x6  
  96  6:18  Zergling x2  
  101  6:22  Zergling x2  
  102  6:26  Zergling x2  
  100  6:33  Zergling x18  
  100  6:37  Zerg Melee Weapons Level 2  
  100  6:39  Hydralisk Den  
  106  6:46  Zergling x12  
  111  6:52  Drone x3  
  111  6:55  Drone  
  111  6:57  Drone x3  
  111  6:58  Drone  
  116  7:02  Zergling x8  
  116  7:04  Drone, Centrifugal Hooks  
  116  7:07  Drone  
  122  7:10  Drone x3, Spore Crawler  
  122  7:14  Drone x3  
  122  7:15  Extractor  
  126  7:19  Muscular Augments  
  126  7:22  Hydralisk x2  
  126  7:24  Drone  
  130  7:30  Hydralisk x5  
  130  7:34  Drone x3  
  130  7:35  Drone  
  143  7:40  Hydralisk x6  
  156  7:44  Drone x2  
  156  7:48  Zergling x8  
  161  7:51  Zergling x4  
  161  7:53  Zergling x4  
  165  7:58  Overlord  
  165  8:01  Overlord  
  165  8:03  Zergling x2  
  165  8:04  Overlord  
  164  8:16  Zergling x4  
  163  8:20  Zergling x12  
  163  8:21  Zergling x14  
  163  8:23  Grooved Spines  
  163  8:25  Zergling x8  
  163  8:26  Baneling x11  
  180  8:35  Zergling x20  
  180  8:36  Baneling x14  
  180  8:39  Zergling x4  
  189  8:42  Baneling x12  
  189  8:44  Zergling x2  
  189  8:46  Baneling x4  
  185  8:57  Zergling x14  
  189  9:04  Zergling x4  
  189  9:09  Baneling x9  
  189  9:11  Zergling x2  
  185  9:18  Zergling x12  
  185  9:21  Zergling x12  
  184  9:25  Baneling x4  
  184  9:26  Zergling x16  
  184  9:27  Zergling x2  
  184  9:29  Zergling x4  
  187  9:35  Zergling x6  
  187  9:37  Overlord  
  189  9:39  Baneling x2  
  189  9:40  Baneling x4, Overlord  
  189  9:41  Infestation Pit  
  180  9:49  Zergling x10  
  180  9:50  Zergling x16  
  157  10:00  Zergling x6  
  157  10:04  Extractor  
Show
View Real Time Build Order
Export as new Build Order

Harstem Protoss 

Build Orders: 1 Gate Expand, Oracle Opening, Zealot Archon 

Get SALT Encoding   

  12  0:00  Probe  
  13  0:12  Probe  
  14  0:18  Pylon  
  14  0:24  Probe  
  15  0:36  Probe (Chrono Boost)  
  15  0:40  Gateway  
  16  0:46  Probe (Chrono Boost)  
  16  0:49  Assimilator  
  17  0:51  Probe (Chrono Boost)  
  18  1:03  Probe  
  19  1:18  Probe  
  20  1:25  Nexus  
  20  1:36  Cybernetics Core  
  20  1:39  Probe  
  21  1:45  Assimilator  
  21  1:51  Probe  
  22  1:54  Pylon  
  22  2:04  Probe  
  23  2:10  Adept (Chrono Boost)  
  23  2:13  Probe  
  25  2:18  Stargate  
  25  2:21  Probe  
  26  2:29  Warp Gate  
  27  2:33  Probe, Adept  
  30  2:37  Probe  
  31  2:45  Probe  
  31  2:49  Probe  
  33  2:58  Probe  
  34  2:59  Oracle (Chrono Boost)  
  34  3:01  Probe  
  40  3:10  Pylon, Probe  
  41  3:14  Probe  
  42  3:22  Probe  
  42  3:23  Gateway  
  42  3:26  Oracle (Chrono Boost), Probe  
  45  3:39  Nexus  
  45  3:43  Probe x2  
  45  3:47  Pylon  
  47  3:55  Probe  
  48  3:56  Oracle (Chrono Boost), Probe  
  48  3:57  Assimilator  
  52  4:06  Assimilator  
  52  4:07  Probe  
  53  4:11  Probe  
  53  4:14  Twilight Council  
  55  4:24  Probe (Chrono Boost)  
  55  4:29  Probe (Chrono Boost)  
  55  4:31  Adept x2  
  60  4:33  Pylon  
  60  4:35  Gateway  
  60  4:37  Gateway  
  62  4:39  Probe (Chrono Boost)  
  62  4:40  Probe (Chrono Boost)  
  62  4:51  Probe (Chrono Boost)  
  62  4:52  Blink (Chrono Boost)  
  64  4:53  Probe (Chrono Boost)  
  64  4:57  Probe (Chrono Boost)  
  64  4:58  Stalker x2  
  69  5:03  Probe (Chrono Boost)  
  72  5:08  Probe (Chrono Boost)  
  72  5:09  Probe x2 (Chrono Boost)  
  73  5:15  Probe  
  73  5:17  Probe, Pylon  
  73  5:18  Probe  
  76  5:21  Stalker x2  
  76  5:27  Probe  
  81  5:29  Probe  
  81  5:30  Probe  
  83  5:39  Probe, Stalker x2  
  83  5:41  Probe  
  83  5:42  Probe, Pylon  
  90  5:45  Shield Battery  
  86  5:50  Stalker x2  
  86  5:51  Probe  
  86  5:53  Assimilator, Probe  
  86  5:54  Probe  
  93  5:57  Assimilator  
  93  6:01  Templar Archives, Pylon  
  93  6:06  Stalker x2  
  93  6:10  Pylon  
  98  6:13  Stalker  
  98  6:14  Stalker  
  98  6:16  Pylon  
  101  6:19  Probe x3  
  104  6:26  Forge  
  104  6:31  Psionic Storm, Probe (Chrono Boost)  
  94  6:33  Stalker x2  
  94  6:34  Probe (Chrono Boost)  
  94  6:38  Probe (Chrono Boost)  
  100  6:41  High Templar  
  100  6:43  Probe (Chrono Boost)  
  100  6:45  Probe (Chrono Boost)  
  105  6:48  Probe x2 (Chrono Boost)  
  105  6:50  Probe (Chrono Boost)  
  105  6:51  Stalker  
  107  6:58  Probe x2  
  107  6:59  Gateway  
  107  7:00  Probe  
  110  7:01  Gateway  
  110  7:03  Protoss Ground Weapons Level 1 (Chrono Boost)  
  110  7:04  High Templar x2, Gateway  
  114  7:11  Probe  
  114  7:13  Photon Cannon  
  115  7:16  High Templar  
  115  7:19  Charge (Chrono Boost)  
  115  7:22  Gateway x2  
  117  7:29  Zealot  
  118  7:34  Probe  
  118  7:36  Shield Battery  
  119  7:39  Probe  
  119  7:42  Pylon  
  120  7:44  High Templar x2  
  120  7:48  Archon  
  120  7:49  Probe  
  120  7:51  Pylon  
  125  7:52  Nexus  
  125  7:53  Robotics Facility, Pylon  
  125  7:56  Pylon  
  125  7:58  Pylon  
  125  8:02  High Templar x2  
  125  8:03  Zealot x2  
  125  8:05  Pylon  
  133  8:07  Assimilator  
  133  8:08  Archon  
  133  8:09  Assimilator  
  133  8:12  Zealot  
  133  8:18  Probe  
  132  8:21  High Templar x2  
  132  8:22  Zealot x2  
  132  8:26  Probe  
  142  8:27  Probe  
  142  8:30  Archon  
  142  8:31  Gateway  
  142  8:34  Zealot x4  
  142  8:35  Pylon  
  142  8:36  Gateway  
  142  8:40  Immortal (Chrono Boost)  
  148  8:45  High Templar x2  
  148  8:48  Zealot  
  156  8:50  Archon  
  156  8:59  High Templar  
  146  9:08  Zealot x6  
  154  9:19  Zealot x2  
  147  9:28  High Templar x2  
  147  9:30  Warp Prism (Chrono Boost)  
  151  9:32  Zealot x3  
  151  9:33  Zealot x4  
  151  9:36  Archon  
  167  9:39  Pylon  
  165  9:50  Archon  
  135  9:53  Zealot x8  
  135  9:59  Zealot  
  139  10:08  Zealot x2  
  139  10:13  Zealot x5  
  139  10:14  Zealot x3  
Tags
 
Add a new tag
Caveats
  • Supply blocks, unpowered buildings, or Contaminate may cause inaccurate times.
  • Supply counts are checked every 10 seconds.